 Dungeon Crawl Stone Soup version 0.28-a0-1629-gf728b707aa (webtiles) character file.

Game seed: 4952147763107154117

83 Boldor the Insei (level 4, 0/32 HPs)
             Began as a Djinni Transmuter on Jan 24, 2022.
             Slain by a gnoll (5 damage)
             ... on level 2 of the Dungeon.
             The game lasted 00:19:19 (3108 turns).

Boldor the Insei (Djinni Transmuter)                Turns: 3108, Time: 00:19:19

Health: 0/32       AC:  2    Str:  9    XL:     4   Next: 71%
Gold:   89         EV: 12    Int: 17    God:
                   SH:  0    Dex: 13

rFire   + + +      SeeInvis .     - Unarmed
rCold   x . .      Faith    .   (no shield)
rNeg    . . .      Spirit   .   a - +0 robe
rPois   ∞          Reflect  .   (helmet currently unavailable)
rElec   .          Harm     .   (no cloak)
rCorr   .          Rampage  .   (no gloves)
Will    .....                   (boots unavailable)
Stlth   +.........              (no amulet)
HPRegen 0.10/turn               e - ring of protection from fire
MPRegen 0.00/turn               (no ring)

@: appendages, wereblooded, flying
A: horns 2, flying, sickness immunity, fire resistance 2, cold vulnerability 1,
float, innate caster, hp casting, extra vitality 1
a: End Transformation


You were on level 2 of the Dungeon.
You had temporarily grown beastly horns.
You visited 1 branch of the dungeon, and saw 2 of its levels.

You collected 89 gold pieces.

Inventory:

Hand Weapons
 g - a +2 vorpal hand axe
Armour
 a - a +0 robe (worn)
 b - a +2 pair of boots of flying
Jewellery
 e - a ring of protection from fire (left hand)
Scrolls
 c - a scroll of enchant armour {unknown}
 f - 2 scrolls of identify {unknown}
Potions
 d - a potion of invisibility {unknown}


   Skills:
 + Level 1.4 Fighting
 + Level 2.8 Dodging
 - Level 0.1 Stealth
 - Level 4.2 Unarmed Combat
 + Level 2.1 Spellcasting


You couldn't memorise any spells.
You knew the following spells:

 Your Spells              Type           Power      Damage    Failure   Level
a - Beastly Appendage     Tmut           18%        N/A       9%          1
b - Wereblood             Tmut           9%         N/A       12%         2
c - Spider Form           Tmut/Pois      9%         N/A       24%         3
d - Ice Form              Ice/Tmut       9%         N/A       63%         4
e - Pain                  Necr           36%        1d5       9%          1
Your spell library was empty.

Dungeon Overview and Level Annotations

Branches:
Dungeon (2/15)

Altars:


Innate Abilities, Weirdness & Mutations

You have temporarily grown beastly horns.
You are flying.
You are immune to sickness and miasma.
You are immune to poison.
Your flesh is very heat resistant. (rF++)
You are vulnerable to cold. (rC-)
You float through the air rather than walking.
You learn spells naturally, not from books.
Your magical power is your life essence.
You have superior vitality. (+4 MHP)


Message History

A bat is nearby!
A gnoll comes into view. It is wielding a +0 whip.
The bat closely misses you. The bat closely misses you.
The gnoll shouts!
You hear a shout!
The bat hits you. The bat barely misses you.
You hit the bat.
You kill the bat!
A gnoll comes into view. It is wielding a +0 spear.
Casting: Beastly Appendage (safe; 9% risk of failure)
Confirm with . or Enter, or press ? or * to list all spells.
You grow a pair of large bovine horns.
Casting: Beastly Appendage (safe; 9% risk of failure)
Confirm with . or Enter, or press ? or * to list all spells.
Your blood is infused with primal strength.
The gnoll closely misses you.
You hit the gnoll but do no damage. The gnoll barely misses you.
You hit the gnoll.
The gnoll is lightly wounded.
The gnoll hits you from afar with a +0 spear.
The gnoll closely misses you.
You closely miss the gnoll. Your headbutt misses the gnoll.
The gnoll is lightly wounded.
The gnoll barely misses you. x2
You hit the gnoll but do no damage.
The gnoll is lightly wounded.
The gnoll hits you from afar with a +0 spear!
The gnoll closely misses you.
You hit the gnoll.
The gnoll is heavily wounded.
The gnoll closely misses you. The gnoll hits you with a +0 whip.
You are too injured to fight recklessly!
You are too injured to fight recklessly!
You are too injured to fight recklessly!
You hit the gnoll but do no damage.
The gnoll is heavily wounded.
The gnoll hits you from afar with a +0 spear!
* * * LOW HITPOINT WARNING * * *
The gnoll hits you with a +0 whip.
You die...

#. ##..#
#.######## #
#...# #.#
#.#.## #.#
###.###.###.#
..# ##.##.#
###!###.###.##
#.#.###...#
###.#######..##
#.#.#
......†.gg@.##
#...#
.........####
##.########
###.####.# #.#
#..... # #.#
#.# #.#### #g#
#.# #.# #.#
#.###.#### #.#
### #.........
.#. ..#
#####.#### #.#
#.# ######.#


You could see 2 gnolls.

Vanquished Creatures
  2 adders (D:2)
  2 worms (D:2)
  A dart slug (D:1)
  2 ball pythons
  4 endoplasms
  4 giant cockroaches
  3 goblins
  2 hobgoblins
  16 jackals (D:1)
  2 kobolds (D:1)
  3 quokkas (D:2)
  4 bats (D:2)
  2 frilled lizards
  2 rats
49 creatures vanquished.

Notes
Turn   | Place    | Note
-------+----------+-------------------------------------------
     0 | D:1      | Boldor the Djinni Transmuter began the quest for the Orb.
     0 | D:1      | Reached XP level 1. HP: 17/17 MP: 0/0
   539 | D:2      | Reached XP level 2. HP: 8/22 MP: 0/0
   766 | D:2      | Reached XP level 3. HP: 10/27 MP: 0/0
   766 | D:2      | Learned a level 1 spell: Pain
  1410 | D:1      | Reached skill level 4 in Unarmed Combat
  1506 | D:1      | Reached XP level 4. HP: 24/32 MP: 0/0
  2688 | D:2      | Identified the +0 chain mail of Least Resistance {Int-5
                  | Dex+6}
  3108 | D:2      | Slain by a gnoll

Illustrated notes

Levels and vault maps discovered:
D:1:      minmay_arrival_shoal_huts, layout_basic
D:2:      layout_loops_ring

Skill      XL: |  1  2  3  4 |
---------------+-------------+-----
Unarmed Combat | 4 |  4.2
Spellcasting   | 2 |  2.1
Fighting       | |  1.4
Dodging        | |  2.8
Stealth        | |  0.1

Action                   |  1- 3 |  4- 6 || total
-------------------------+-------+-------++-------
Melee: Unarmed           |   107 |   111 ||   218
       Headbutt          |     7 |     7 ||    14
       Punch             |     3 |       ||     3
 Cast: Beastly Appendage |     8 |     6 ||    14
       Wereblood         |     1 |     3 ||     4
  Use: Scroll            |     2 |       ||     2
 Stab: Sleeping          |     1 |     3 ||     4
Armor: Robe              |    23 |    23 ||    46
Dodge: Dodged            |    87 |    88 ||   175

Table legend: (Time is in decaauts)
 A = Elapsed time spent in this place.
 B = Non-inter-level travel time spent in this place.
 C = Inter-level travel time spent in this place.
 D = Time resting spent in this place.
 E = Time spent auto-exploring this place.
 F = Levels seen in this place.
 G = Mean time per level.
                   A        B        C        D        E       F      G
               +--------+--------+--------+--------+--------+-----+--------+
         Total |   3092 |   3071 |     21 |   1357 |   1217 |   2 | 1546.0 |
       Dungeon |   3092 |   3071 |     21 |   1357 |   1217 |   2 | 1546.0 |
               +--------+--------+--------+--------+--------+-----+--------+

Top non-repeatable levels by time:
     D:2: 1677 daAuts
     D:1: 1415 daAuts
